 Dungeon Crawl Stone Soup version 0.28-a0-895-g6e5f11bd55 (webtiles) character file.

Game seed: 4587594938876755792

33679 vurker the Zephyrmancer (level 13, -1/111 HPs)
             Began as a Demigod Air Elementalist on Nov 22, 2021.
             Slain by a death yak (21 damage)
             ... on level 2 of the Lair of Beasts.
             The game lasted 00:21:29 (19941 turns).

vurker the Zephyrmancer (Demigod Air Elementalist) Turns: 19941, Time: 00:21:30

Health: -1/111     AC:  8    Str:  9    XL:     13   Next: 9%
Magic:  31/34      EV: 15    Int: 33    God:
Gold:   934        SH:  0    Dex: 17    Spells: 31/36 levels left

rFire   . . .      SeeInvis .   D - staff of conjuration
rCold   . . .      Faith    .   (no shield)
rNeg    . . .      Spirit   .   m - +0 acid dragon scales
rPois   .          Reflect  .   i - +1 helmet
rElec   .          Harm     .   (no cloak)
rCorr   +          Rampage  .   (no gloves)
Will    +....                   (no boots)
Stlth   ++........              n - amulet of magic regeneration
HPRegen 0.28/turn               l - ring of wizardry
MPRegen 0.49/turn               x - ring of the Tempest {EV+4 Dex+3}

@: no status effects
A: high mp 1, forlorn
a: no special abilities


You were on level 2 of the Lair of Beasts.
You visited 2 branches of the dungeon, and saw 14 of its levels.

You collected 934 gold pieces.

Inventory:

Hand Weapons
 c - a +1 short sword
   (You took it off a kobold on level 1 of the Dungeon)
Missiles
 k - 2 throwing nets
Armour
 i - a +1 helmet (worn)
   (You took it off Robin on level 2 of the Dungeon)
 m - +0 acid dragon scales (worn)
   (You found it on level 8 of the Dungeon)
 B - a +1 robe of cold resistance
   (You took it off Fannar on level 11 of the Dungeon)
Magical Staves
 D - a staff of conjuration (weapon)
   (You found it on level 2 of the Lair of Beasts)
Jewellery
 l - a ring of wizardry (left hand)
   (You found it on level 4 of the Dungeon)
 n - an amulet of magic regeneration (around neck)
   (You found it on level 5 of the Dungeon)
 x - the ring of the Tempest (right hand) {EV+4 Dex+3}
   (You found it on level 9 of the Dungeon)

   [ring of evasion]

   EV:        It affects your evasion (+4).
   Dex:       It affects your dexterity (+3).
 C - a ring of ice
   (You took it off Fannar on level 11 of the Dungeon)
 G - a ring of flight
   (You found it on level 3 of the Lair of Beasts)
Wands
 d - a wand of iceblast (8)
   (You took it off Sonja on level 3 of the Lair of Beasts)
 t - a wand of flame (7)
   (You found it on level 4 of the Dungeon)
 u - a wand of paralysis (14)
   (You took it off a wight on level 9 of the Dungeon)
 v - a wand of digging (4)
   (You found it on level 4 of the Dungeon)
Scrolls
 e - 3 scrolls of enchant weapon
 g - 2 scrolls of amnesia
 h - a scroll of enchant armour
 o - a scroll of magic mapping
 y - 2 scrolls of fear
 A - a scroll of teleportation
 E - 2 scrolls of fog
 H - a scroll of blinking
Potions
 a - 2 potions of flight
 b - 7 potions of curing
 f - 4 potions of heal wounds
 j - a potion of invisibility
 p - a potion of mutation
 q - 5 potions of cancellation
 r - a potion of lignification
 s - 2 potions of haste
 w - a potion of resistance
 z - 2 potions of brilliance
 F - 7 potions of ambrosia


   Skills:
 + Level 9.4 Fighting
 - Level 1.7 Dodging
 - Level 1.7 Stealth
 * Level 12.4 Spellcasting
 - Level 3.0 Conjurations
 * Level 13.7 Air Magic


You had 31 spell levels left.
You knew the following spells:

 Your Spells              Type           Power      Damage    Failure   Level
a - Shock                 Conj/Air       100%       1d9       1%          1
c - Airstrike             Air            42%        N/A       1%          4

Your spell library contained the following spells:

 Spells                   Type           Power      Damage    Failure   Level
 Static Discharge         Conj/Air       85%        N/A       1%          2
 Swiftness                Air            84%        N/A       1%          3
 Blink                    Tloc           40%        N/A       2%          2
 Lesser Beckoning         Tloc           20%        N/A       4%          3
 Manifold Assault         Tloc           20%        N/A       38%         5


Dungeon Overview and Level Annotations

Branches:
Dungeon (11/15)            Temple (0/1) D:4            Lair (3/6) D:10
    Orc (0/2) D:11
  Swamp: Lair:2-4    Shoals: Lair:2-4     Snake: Lair:2-4    Spider: Lair:2-4


Innate Abilities, Weirdness & Mutations

Your attributes grow dramatically as you level up.
You have an increased reservoir of magic. (+10% MP)
You shall have no god before yourself.


Message History

Aim: a death yak (wandering, hasn't noticed you, empty space bonus: 5/8)
The air twists around and strikes the death yak.
The death yak bellows!
You hear a bellow!
A death yak comes into view.
Aim: a death yak (lightly wounded, empty space bonus: 4/8)
The air twists around and strikes the death yak!
A death yak comes into view.
The death yak bellows!
You enter the shallow water.
Moving in this stuff is going to be slow.
A swamp worm comes into view.
The swamp worm fires a harpoon shot at you.
The harpoon shot hits you!
You are yanked forward by the harpoon shot.
You violently stop moving!
Splash!
The swamp worm bites you but does no damage.
The swamp worm misses you. The swamp worm bites you.
The death yak gores you but does no damage.
The swamp worm bites you!
A death yak comes into view.
The swamp worm fires a harpoon shot at you.
The harpoon shot hits you!
You are yanked forward by the harpoon shot.
You violently stop moving!
There is a stone staircase leading up, spattered with blood here.
The death yak bellows!
You climb upwards.
There is a stone staircase leading down, spattered with blood here.
Aim: a death yak (empty space bonus: 5/8)
The air twists around and strikes the death yak!
The death yak barely misses you.
Aim: a death yak (lightly wounded, empty space bonus: 5/8)
The air twists around and strikes the death yak!
The death yak gores you!
* * * LOW HITPOINT WARNING * * *
Aim: a death yak (moderately wounded, 91% to hit)
You feel a surge of power!
The zap hits the death yak.
The zap hits the death yak!
The death yak gores you!
* * * LOW HITPOINT WARNING * * *
Aim: a death yak (heavily wounded, 91% to hit)
You feel a surge of power!
The zap hits the death yak.
The zap hits the death yak!
The death yak gores you!!
* * * LOW HITPOINT WARNING * * *
Aim: a death yak (heavily wounded, 91% to hit)
You feel a surge of power!
The zap hits the death yak but does no damage.
The zap hits the death yak.
The death yak gores you!!
You die...

##.# #..####...#### #.
#.####..##...##..####Y
#...##..........(...F.
#........#...###....##
##.....####.## ##P####
#.....# #P.# ###
##....####.#
##...##.#.#
#..@.###..##
#..Y.......# ####
##.........##
#..####.........P###
##.......#..........#
##..##.P..#......<.#.#
#P..#..##..........#.#
###.##..##.......<...#
####.P#.####...######.#


You could see a death yak.

Vanquished Creatures
  Gastronok (Lair:2)
  Josephine (D:10)
  Fannar (D:11)
  A catoblepas (Lair:2)
  4 hydras
  4 two-headed ogres
  5 death yaks
  Nergalle (D:11)
  Sonja (Lair:3)
  An ugly thing (D:11)
  A cyclops (D:11)
  2 black mambas
  10 cane toads
  4 gargoyles (D:9)
  2 rime drakes
  3 komodo dragons
  A kobold demonologist (D:10)
  A troll (D:11)
  A queen bee (Lair:2)
  2 dream sheep (D:10)
  7 blink frogs
  A shadow (D:9)
  6 wraiths
  A wyvern (D:11)
  20 yaks
  4 basilisks
  A steam dragon (D:9)
  Menkaure (D:5)
  3 swamp worms (Lair:3)
  2 acid dragons (D:8)
  5 water moccasins
  2 orc warriors
  2 sky beasts
  5 ice beasts
  2 necrophages
  4 ogres
  3 centaurs
  6 wolves (Lair:2)
  5 kobold brigands
  2 scorpions
  10 bullfrogs
  3 gnoll sergeants
  A water moccasin zombie (D:7)
  2 water moccasin skeletons (D:6)
  29 killer bees
  8 wights
  An electric eel (Lair:3)
  3 howler monkeys
  6 centaur zombies
  A bullfrog zombie (D:6)
  3 hounds
  4 jellies
  An orc priest (D:5)
  2 bullfrog skeletons (D:6)
  3 centaur skeletons
  3 gnoll shamans
  2 iguanas
  3 orc wizards
  2 killer bee zombies
  Robin (D:2)
  2 howler monkey zombies
  32 gnolls
  9 adders
  A white imp (D:6)
  An adder skeleton (D:4)
  5 dart slugs
  22 orcs
  6 endoplasms
  4 giant cockroaches
  12 hobgoblins
  16 kobolds
  A quokka (D:2)
  7 ball pythons
  8 bats
  3 frilled lizards
  15 goblins
  5 rats
366 creatures vanquished.

Vanquished Creatures (others)
  A yak (D:6)
  A bush (Lair:2)
  36 fungi
  58 plants
96 creatures vanquished.

Grand Total: 462 creatures vanquished

Notes
Turn   | Place    | Note
-------+----------+-------------------------------------------
     0 | D:1      | vurker the Demigod Air Elementalist began the quest for the
                  | Orb.
     0 | D:1      | Reached XP level 1. HP: 14/14 MP: 5/5
    99 | D:1      | Reached skill level 1 in Conjurations
   319 | D:1      | Reached XP level 2. HP: 22/22 MP: 4/7
   371 | D:1      | Reached skill level 3 in Air Magic
   941 | D:1      | Reached XP level 3. HP: 27/27 MP: 5/9
  1036 | D:1      | Reached skill level 1 in Fighting
  1431 | D:2      | Noticed Robin
  1443 | D:2      | Killed Robin
  2176 | D:3      | Reached XP level 4. HP: 35/35 MP: 6/10
  3245 | D:4      | Found a staircase to the Ecumenical Temple.
  3418 | D:3      | Reached XP level 5. HP: 37/40 MP: 6/12
  3647 | D:4      | Reached skill level 4 in Air Magic
  3652 | D:4      | Learned a level 4 spell: Airstrike
  4146 | D:4      | Reached XP level 6. HP: 37/48 MP: 3/14
  4688 | D:5      | Entered Level 5 of the Dungeon
  5107 | D:5      | Reached skill level 5 in Air Magic
  5107 | D:5      | Reached XP level 7. HP: 56/56 MP: 7/16
  5294 | D:5      | Noticed Menkaure
  5297 | D:5      | Killed Menkaure
  5814 | D:5      | Reached skill level 5 in Spellcasting
  6110 | D:6      | Reached skill level 6 in Air Magic
  6113 | D:6      | Reached XP level 8. HP: 63/63 MP: 0/19
  6631 | D:6      | Reached skill level 7 in Air Magic
  7184 | D:6      | Noticed a two-headed ogre
  7243 | D:6      | Reached XP level 9. HP: 72/72 MP: 10/22
  7329 | D:5      | Reached skill level 8 in Air Magic
  7484 | D:6      | Reached skill level 5 in Fighting
  7835 | D:6      | Killed a two-headed ogre
  8578 | D:7      | Noticed a boulder beetle
  9086 | D:8      | Noticed a tengu conjurer
  9086 | D:8      | Noticed a green ugly thing
  9086 | D:8      | Noticed a centaur warrior
  9086 | D:8      | Noticed a two-headed ogre
  9087 | D:8      | Noticed a centaur warrior
  9087 | D:8      | Noticed a cyclops
  9087 | D:8      | Noticed a manticore
  9088 | D:8      | Noticed a manticore
  9113 | D:8      | Reached skill level 9 in Air Magic
  9200 | D:8      | Reached XP level 10. HP: 83/83 MP: 14/26
 10030 | D:9      | Noticed a two-headed ogre
 10035 | D:9      | Killed a two-headed ogre
 10969 | D:9      | Reached skill level 10 in Air Magic
 11004 | D:9      | Identified the ring of the Tempest {EV+4 Dex+3}
 11638 | D:10     | Entered Level 10 of the Dungeon
 11638 | D:10     | Noticed Josephine
 12049 | D:10     | Reached XP level 11. HP: 75/91 MP: 16/28
 12256 | D:10     | Killed Josephine
 12618 | D:10     | Reached skill level 11 in Air Magic
 12967 | D:10     | Found a staircase to the Lair.
 13264 | D:10     | Reached skill level 10 in Spellcasting
 13317 | D:10     | Noticed a three-headed hydra
 13333 | D:10     | Killed a three-headed hydra
 13617 | D:11     | Noticed a two-headed ogre
 13622 | D:11     | Killed a two-headed ogre
 13697 | D:11     | Noticed Fannar
 13704 | D:11     | Killed Fannar
 13781 | D:11     | Found a staircase to the Orcish Mines.
 13989 | D:11     | Noticed a two-headed ogre
 13993 | D:11     | Killed a two-headed ogre
 14445 | D:11     | Noticed Nergalle
 14452 | D:11     | Killed Nergalle
 14969 | Lair:1   | Entered Level 1 of the Lair of Beasts
 15087 | Lair:1   | Reached skill level 12 in Air Magic
 15355 | Lair:1   | Reached XP level 12. HP: 102/102 MP: 19/31
 15884 | Lair:1   | Noticed a five-headed hydra
 15889 | Lair:1   | Killed a five-headed hydra
 16698 | Lair:2   | Noticed a catoblepas
 16776 | Lair:2   | Killed a catoblepas
 17274 | Lair:2   | Noticed Gastronok
 17286 | Lair:2   | Killed Gastronok
 17287 | Lair:2   | Reached skill level 13 in Air Magic
 19166 | Lair:3   | Noticed a seven-headed hydra
 19170 | Lair:3   | Killed a seven-headed hydra
 19173 | Lair:3   | Noticed Sonja
 19177 | Lair:3   | Noticed an eight-headed hydra
 19184 | Lair:2   | Reached XP level 13. HP: 16/111 MP: 8/34
 19627 | Lair:3   | Killed Sonja
 19941 | Lair:2   | Slain by a death yak

Illustrated notes

Levels and vault maps discovered:
D:1:      mushboom_english_gardens, layout_loops_ring,
          shapermc_ecumenical_altar_venn, minmay_misc_feat_pillars,
          minmay_misc_feat_diagonals
D:2:      layout_loops_ring, uniq_robin
D:3:      layout_basic, minmay_goblin_kobold_house
D:4:      layout_basic, mainiacjoe_overflow_cross_hatched,
          minmay_temple_entry_stoned_glass, grunt_decor_mini_mirrors
D:5:      layout_basic, serial_aquarium, aquarium_bridge_island_small
          [aquarium_subvault_small_water, aquarium_subvault_bridge,
          aquarium_subvault_bridge, aquarium_subvault_bridge,
          aquarium_subvault_bridge], aquarium_window_corridor_2,
          aquarium_window_corner, aquarium_window_2, aquarium_window_2,
          aquarium_view_2c, aquarium_view_2f, aquarium_pool_corner,
          uniq_menkaure
D:6:      minmay_razor_zed, layout_rooms, jmf_multi_god_temple,
          xom_confusion_cloud, nicolae_figureground_pulse
D:7:      layout_basic, mainiacjoe_overflow_concentric_impassable,
          minmay_between
D:8:      layout_cave_pools, nemelex_diamond_rough_becter, minitemple,
          amethyst_killhole, minivault_12
D:9:      cheibrodos_statue_roulette, layout_loops_ring,
          minmay_misc_feat_more_columns
D:10:     layout_layer_cave, david_lair_shrubbed, hangedman_ranch,
          uniq_josephine
D:11:     layout_roguey, orc_0_dummy, enter_bailey_8, uniq_nergalle, uniq_fannar
Lair:1:   layout_loops_ring
Lair:2:   layout_loops_ring, special_room [special_room_bee], uniq_gastronok
Lair:3:   layout_chaotic_city, palyth_hydra_swamp_entry, serial_bayou_shore_a,
          infiniplex_staircase_pool_2, uniq_sonja

Skill      XL: |  1  2  3  4  5  6  7  8  9 10 11 12 |
---------------+-------------------------------------+-----
Conjurations   | 1 2 3 |  3.0
Spellcasting   | 2 3 4 5 6 8 9 11 12 | 12.4
Air Magic      | 3 4 5 6 7 9 10 12 13 | 13.7
Fighting       | 1 2 3 4 5 6 8 9 |  9.4
Dodging        | |  1.7
Stealth        | |  1.7

Action                   |  1- 3 |  4- 6 |  7- 9 | 10-12 | 13-15 || total
-------------------------+-------+-------+-------+-------+-------++-------
Melee: Short sword       |    14 |     3 |     2 |       |       ||    19
 Cast: Shock             |    88 |   159 |    38 |   133 |     6 ||   424
       Airstrike         |       |     5 |   151 |   397 |    24 ||   577
Evoke: Wand              |       |       |       |     4 |       ||     4
  Use: Scroll            |       |     3 |       |    20 |     1 ||    24
       Potion            |       |       |     1 |     6 |       ||     7
Armor: Robe              |     1 |     4 |     5 |       |       ||    10
       Acid dragon scale |       |       |       |    51 |     2 ||    53
       Skin              |       |       |       |    45 |       ||    45
Dodge: Dodged            |     9 |    35 |    24 |   134 |     3 ||   205
Block: Other             |     3 |    13 |       |       |       ||    16
       Reflection        |       |     2 |       |       |       ||     2

Table legend: (Time is in decaauts)
 A = Elapsed time spent in this place.
 B = Non-inter-level travel time spent in this place.
 C = Inter-level travel time spent in this place.
 D = Time resting spent in this place.
 E = Time spent auto-exploring this place.
 F = Levels seen in this place.
 G = Mean time per level.
                   A        B        C        D        E       F      G
               +--------+--------+--------+--------+--------+-----+--------+
         Total |  20001 |  19237 |    764 |   2573 |  13990 |  14 | 1428.6 |
       Dungeon |  15366 |  14714 |    652 |   1720 |  10998 |  11 | 1396.9 |
          Lair |   4634 |   4522 |    112 |    853 |   2992 |   3 | 1544.7 |
               +--------+--------+--------+--------+--------+-----+--------+

Top non-repeatable levels by time:
  Lair:2: 2648 daAuts
     D:9: 1952 daAuts
    D:10: 1873 daAuts
     D:5: 1760 daAuts
     D:4: 1491 daAuts
  Lair:1: 1399 daAuts
     D:6: 1399 daAuts
     D:3: 1344 daAuts
    D:11: 1341 daAuts
     D:1: 1324 daAuts
     D:8: 1122 daAuts
     D:7: 920 daAuts
     D:2: 836 daAuts
  Lair:3: 586 daAuts
